 Dungeon Crawl Stone Soup version 0.31-a0-656-gb4d89c20fa (webtiles) character file.

Game seed: 3125662847784900074

287 Maratek the Shield-Bearer (level 6, -3/53 HPs)
             Began as a Gnoll Fighter on Aug 30, 2023.
             Slain by Crazy Yiuf
             ... wielding a +4 quarterstaff of chaos
              (6 damage)
             ... on level 3 of the Dungeon.
             The game lasted 00:02:27 (1538 turns).

Maratek the Shield-Bearer (Gnoll Fighter)           Turns: 1538, Time: 00:02:28

Health: -3/53      AC:  9    Str: 17    XL:     6   Next: 30%
Magic:  8/8        EV: 10    Int:  7    God:
Gold:   151        SH:  5    Dex: 12    Spells: 8/8 levels left

rFire   . . .        a - +0 war axe
rCold   . . .        c - +0 buckler
rNeg    . . .        b - +0 scale mail
rPois   .            e - +0 helmet
rElec   .            (no cloak)
rCorr   .            (no gloves)
SInv    .            (no boots)
Will    .....        (no amulet) Stlth
                     (no ring)
HPRegen 0.28/turn    (no ring)
MPRegen 0.11/turn

%: no passive effects
@: no status effects
A: fangs 1, strong nose, distributed training
a: no special abilities


You were on level 3 of the Dungeon.
You visited 1 branch of the dungeon, and saw 3 of its levels.

You collected 151 gold pieces.

Inventory:

Hand Weapons
 a - a +0 war axe (weapon)
Missiles
 l - a throwing net
Armour
 b - a +0 scale mail (worn)
 c - a +0 buckler (worn)
 e - a +0 helmet (worn)
Jewellery
 r - a ring of poison resistance
Wands
 p - a wand of iceblast (7)
Scrolls
 g - a scroll of teleportation {unknown}
 h - a scroll of vulnerability {unknown}
 j - a scroll of fog {unknown}
 m - a scroll of poison {unknown}
 n - a scroll of noise {unknown}
 o - a scroll of identify {unknown}
 q - a scroll of enchant armour {unknown}
Potions
 d - a potion of might
 f - a potion of haste {unknown}
 i - a potion of berserk rage {unknown}
 k - a potion of ambrosia {unknown}


   Skills:
 + Level 6.8 Fighting
 + Level 1.9 Short Blades
 + Level 1.9 Long Blades
 + Level 5.0 Axes
 + Level 1.9 Maces & Flails
 + Level 1.9 Polearms
 + Level 1.9 Staves
 + Level 1.9 Ranged Weapons
 + Level 1.9 Throwing
 + Level 6.8 Armour
 + Level 1.9 Dodging
 + Level 1.9 Stealth
 + Level 6.8 Shields
 + Level 1.9 Unarmed Combat
 + Level 1.9 Spellcasting
 + Level 1.5 Conjurations
 + Level 1.5 Hexes
 + Level 1.5 Summonings
 + Level 1.5 Necromancy
 + Level 1.5 Translocations
 + Level 1.5 Transmutations
 + Level 1.5 Fire Magic
 + Level 1.5 Ice Magic
 + Level 1.5 Air Magic
 + Level 1.5 Earth Magic
 + Level 1.5 Poison Magic
 + Level 2.1 Invocations
 + Level 1.9 Evocations
 + Level 1.7 Shapeshifting


You had 8 spell levels left.
You didn't know any spells.
Your spell library contained the following spells:

 Spells                   Type           Power      Damage    Failure   Level
 Shock                    Conj/Air       8%         1d3       58%         1
 Swiftness                Air            2%         N/A       92%         3
 Airstrike                Air            1%         2d(1-17)  100%        4


Dungeon Overview and Level Annotations

Branches:
Dungeon (3/15)

Altars:

Annotations:
D:3 Crazy Yiuf


Innate Abilities, Weirdness & Mutations

You have very sharp teeth.
Your uncanny sense of smell can sniff out nearby items.
Your experience applies equally to all skills.


Message History

A frilled lizard comes into view.
You closely miss the goblin.
The frilled lizard hisses angrily.
You block the goblin's attack.
You hit the goblin.
You kill the goblin!
You see here a +0 dagger.
You hit the frilled lizard.
You kill the frilled lizard!
No target in view!
No target in view!
You see here a frilled lizard corpse.
Found a war axe.
r - a ring of poison resistance You see here a +0 scale mail.
You open the door. You barely miss Crazy Yiuf.
Crazy Yiuf hits you with a +4 quarterstaff of chaos!
Crazy Yiuf freezes you.
You closely miss Crazy Yiuf. You block Crazy Yiuf's attack.
You barely miss Crazy Yiuf.
Crazy Yiuf hits you with a +4 quarterstaff of chaos!
Crazy Yiuf burns you. Crazy Yiuf barely misses you.
You slash Crazy Yiuf!
Crazy Yiuf is heavily wounded.
Crazy Yiuf hits you with a +4 quarterstaff of chaos.
Crazy Yiuf burns you.
You barely miss Crazy Yiuf. You bite Crazy Yiuf, but do no damage.
Crazy Yiuf is heavily wounded.
Crazy Yiuf hits you with a +4 quarterstaff of chaos!
* * * LOW HITPOINT WARNING * * *
Crazy Yiuf draws strength from your wounds!
You closely miss Crazy Yiuf.
Crazy Yiuf is moderately wounded.
Crazy Yiuf hits you with a +4 quarterstaff of chaos!
* * * LOW HITPOINT WARNING * * *
Crazy Yiuf freezes you.
* * * LOW HITPOINT WARNING * * *
Crazy Yiuf hits you with a +4 quarterstaff of chaos.
You die...

#####.......#
............#
#####.......#
#####...#####
#.......#
..###...##♣♣♣♣♣
### #....#..♣.♣♣♣
###
#.#......♣..♣#...#
#..^....♣♣♣♣@g...#
###..#.♣♣ ♣♣#..)#
####♣♣ ###


You could see Crazy Yiuf.

Vanquished Creatures
  Grinder (D:3)
  3 adders
  2 dart slugs
  14 ball pythons
  7 endoplasms
  4 giant cockroaches
  6 goblins
  3 hobgoblins
  4 jackals
  7 kobolds
  4 quokkas
  4 bats
  5 frilled lizards
  5 rats
69 creatures vanquished.

Notes
Turn   | Place    | Note
-------+----------+-------------------------------------------
     0 | D:1      | Maratek the Gnoll Fighter began the quest for the Orb.
     0 | D:1      | Reached XP level 1. HP: 23/23 MP: 1/1
   121 | D:1      | Reached XP level 2. HP: 29/29 MP: 2/2
   194 | D:1      | Reached XP level 3. HP: 34/35 MP: 3/3
   513 | D:2      | Reached skill level 1 in Invocations
   642 | D:2      | Reached skill level 1 in Short Blades
   642 | D:2      | Reached skill level 1 in Long Blades
   642 | D:2      | Reached skill level 1 in Maces & Flails
   642 | D:2      | Reached skill level 1 in Polearms
   642 | D:2      | Reached skill level 1 in Staves
   642 | D:2      | Reached skill level 1 in Ranged Weapons
   642 | D:2      | Reached skill level 1 in Throwing
   642 | D:2      | Reached skill level 1 in Dodging
   642 | D:2      | Reached skill level 1 in Stealth
   642 | D:2      | Reached skill level 1 in Unarmed Combat
   642 | D:2      | Reached skill level 1 in Spellcasting
   642 | D:2      | Reached skill level 1 in Evocations
   672 | D:2      | Reached skill level 1 in Shapeshifting
   672 | D:2      | Reached XP level 4. HP: 36/41 MP: 5/5
   891 | D:3      | Noticed Grinder
   898 | D:3      | HP: 2/41 [Grinder/nerve-wracking pain (5)]
   899 | D:3      | Killed Grinder
   900 | D:3      | Reached skill level 1 in Conjurations
   900 | D:3      | Reached skill level 1 in Hexes
   900 | D:3      | Reached skill level 1 in Summonings
   900 | D:3      | Reached skill level 1 in Necromancy
   900 | D:3      | Reached skill level 1 in Translocations
   900 | D:3      | Reached skill level 1 in Transmutations
   900 | D:3      | Reached skill level 1 in Fire Magic
   900 | D:3      | Reached skill level 1 in Ice Magic
   900 | D:3      | Reached skill level 1 in Air Magic
   900 | D:3      | Reached skill level 1 in Earth Magic
   900 | D:3      | Reached skill level 1 in Poison Magic
   900 | D:3      | Reached XP level 5. HP: 3/47 MP: 5/7
   900 | D:3      | Reached XP level 6. HP: 3/53 MP: 5/8
  1174 | D:3      | Reached skill level 5 in Axes
  1325 | D:3      | Found a runed translucent door.
  1326 | D:3      | Noticed Crazy Yiuf
  1538 | D:3      | Slain by Crazy Yiuf

Illustrated notes

Levels and vault maps discovered:
D:1:      minmay_arrival_open_corners, layout_rooms
D:2:      layout_rooms, chequers_garden
D:3:      layout_rooms, uniq_crazy_yiuf_cottage, uniq_grinder

Skill      XL: |  1  2  3  4  5  6 |
---------------+-------------------+-----
Invocations    | 1 2 |  2.1
Short Blades   | 1 |  1.9
Long Blades    | 1 |  1.9
Maces & Flails | 1 |  1.9
Polearms       | 1 |  1.9
Staves         | 1 |  1.9
Ranged Weapons | 1 |  1.9
Throwing       | 1 |  1.9
Dodging        | 1 |  1.9
Stealth        | 1 |  1.9
Unarmed Combat | 1 |  1.9
Spellcasting   | 1 |  1.9
Evocations     | 1 |  1.9
Shapeshifting  | 1 |  1.7
Conjurations   | 1 |  1.5
Hexes          | 1 |  1.5
Summonings     | 1 |  1.5
Necromancy     | 1 |  1.5
Translocations | 1 |  1.5
Transmutations | 1 |  1.5
Fire Magic     | 1 |  1.5
Ice Magic      | 1 |  1.5
Air Magic      | 1 |  1.5
Earth Magic    | 1 |  1.5
Poison Magic   | 1 |  1.5
Axes           | 5 |  5.0
Fighting       | |  6.8
Armour         | |  6.8
Shields        | |  6.8

Action                     |  1- 3 |  4- 6 || total
---------------------------+-------+-------++-------
  Melee: War axe           |   105 |    59 ||   164
         Bite              |     7 |     4 ||    11
 Armour: Scale mail        |    59 |    25 ||    84
  Dodge: Dodged            |    51 |    26 ||    77
  Block: Buckler           |    31 |    13 ||    44

Table legend: (Time is in decaauts)
 A = Elapsed time spent in this place.
 B = Non-inter-level travel time spent in this place.
 C = Inter-level travel time spent in this place.
 D = Time resting spent in this place.
 E = Time spent auto-exploring this place.
 F = Levels seen in this place.
 G = Mean time per level.
                   A        B        C        D        E       F      G
               +--------+--------+--------+--------+--------+-----+--------+
         Total |   1586 |   1553 |     33 |     85 |   1074 |   3 |  528.7 |
       Dungeon |   1586 |   1553 |     33 |     85 |   1074 |   3 |  528.7 |
               +--------+--------+--------+--------+--------+-----+--------+

Top non-repeatable levels by time:
     D:3: 660 daAuts
     D:1: 499 daAuts
     D:2: 427 daAuts
